Unix NetHack Version 5.0.0-0 post-release - last build Jun 10 2026 00:39:30 (3ee93aec679c4c4259841fe613dc97188e26a321,branch:main).

Game began 2026-06-16 15:06:24, ended 2026-06-16 20:56:44.

Drastanta, neutral male human Barbarian

                                ---------
                                |.......|
     ------     ---------       |.......|           -----
     |.....#    |.......|       |.......|           |...-##
     |.<..|#####|.......|      #........|           |...| #########
     |....|    #|.......|  #####|.......|           |@u.|
     |....|    #|...).).-###    ------|--       ####@...|
     --.---    #---|-----    ##############%###0##  |...|
       #       0#############[          ##    ######|...|
       #          #              #################  -----
       #       ####              #---------|-  #
      ###%######                 #|..........###
     ----.-.-------              #|[....^^..|
     |`........f..|   #########/00|.......).|
     |.............####           |.........|
     |_...........|               -----------
     --------------

Drastanta the Brigand      St:18/01 Dx:15 Co:18 In:7 Wi:9 Ch:6  Neutral
Dlvl:7  $:19 HP:0(103) Pw:14(14) AC:6  Xp:10 T:9085  Burdened

Latest messages:
 You were wearing an uncursed +0 mummy wrapping.
 The grid bug bites!
 You get zapped!
 You kill the grid bug!
 Are you sure you want to pray? [yn] (n) y
 You begin praying to Crom.
 You finish your prayer.
 You feel that Crom is displeased.
 You swap places with the peaceful kitten.
 You stop.  The kitten is in the way!
 You swap places with the peaceful kitten.
 You swap places with the peaceful kitten.
 You smite the gas spore!
 The gas spore turns to flee.
 You kill the gas spore!
 Boom!
 You are caught in the gas spore's explosion!
 You see no objects here.
 You can't go down here.
 You see no objects here.
 Pick a monster, object or location.
 Can't find dungeon feature '>'.
 You swap places with the peaceful horse.
 The Woodland-elf shoots 2 elven arrows!
 You are hit by the 1st elven arrow!
 You are hit by the 2nd elven arrow!
 The Woodland-elf tries to wield an elven short sword.
 The Woodland-elf's elven bow is welded to her hand!
 You smite the Woodland-elf!
 The Woodland-elf swings her elven bow.
 The Woodland-elf hits!
 You smite the Woodland-elf!
 The Woodland-elf swings her elven bow.
 The Woodland-elf hits!
 You kill the Woodland-elf!
 The Woodland-elf wields an elven short sword!
 You swap places with the peaceful horse.
 The Woodland-elf thrusts his elven short sword.
 The Woodland-elf hits!
 The Woodland-elf thrusts his elven short sword.
 The Woodland-elf hits!
 You smite the Woodland-elf!
 The Woodland-elf thrusts his elven short sword.
 The Woodland-elf hits!
 You die...
 Do you want your possessions identified? [ynq] (y) y
 Do you want to see your attributes? [ynq] (y) y
 Do you want an account of creatures vanquished? [ynaq] (y) y
 Do you want to see your conduct and achievements? [ynq] (y) y
 Do you want to see the dungeon overview? [ynq] (y) y

Inventory:
 Coins    ('$')
  $ - 19 gold pieces
 Amulets  ('"')
  p - an uncursed amulet of reflection
  J - an uncursed amulet of reflection
 Weapons  (')')
  a - the rustproof +1 Cleaver
 Armor    ('[')
  u - an uncursed thoroughly rusty +0 dwarvish iron helm (being worn)
  q - an uncursed +0 pair of high boots (being worn)
  G - an uncursed +0 mummy wrapping
  c - an uncursed rusty +0 ring mail (being worn)
 Comestibles  ('%')
  F - 2 uncursed C-rations
  I - an uncursed clove of garlic
  d - 2 uncursed food rations
 Scrolls  ('?')
  R - a cursed scroll of create monster
  H - an uncursed scroll of enchant weapon
  Q - 2 uncursed scrolls of teleportation
 Potions  ('!')
  L - an uncursed potion of object detection
 Rings    ('=')
  D - an uncursed ring of cold resistance
  g - an uncursed ring of fire resistance
 Wands    ('/')
  f - a wand of fire (0:5)
  A - a wand of lightning (0:8)
  C - a blessed wand of opening (0:8)
 Tools    ('(')
  b - an uncursed bag of holding containing 44 items
  y - an empty uncursed sack
  o - an uncursed skeleton key
  z - an uncursed towel
 Gems/Stones  ('*')
  N - an uncursed luckstone

Contents of the bag of holding:
  1572 gold pieces
  a cursed amulet of flying
  a +1 battle-axe
  a cursed -1 pair of jumping boots
  an uncursed clove of garlic
  an uncursed lizard corpse
  an uncursed lizard corpse
  5 uncursed scrolls of blank paper
  a blessed scroll of confuse monster
  an uncursed scroll of confuse monster
  a cursed scroll of destroy armor
  an uncursed scroll of enchant armor
  a cursed scroll of enchant weapon
  an uncursed scroll of fire
  an uncursed scroll of food detection
  an uncursed scroll of gold detection
  an uncursed scroll of identify
  an uncursed scroll of light
  a cursed scroll of light
  a cursed scroll of magic mapping
  an uncursed potion of fruit juice
  an uncursed potion of gain ability
  2 uncursed potions of healing
  3 cursed potions of healing
  an uncursed potion of invisibility
  an uncursed potion of levitation
  a cursed potion of paralysis
  an uncursed potion of sickness
  a cursed potion of sickness
  4 uncursed potions of water
  a potion of unholy water
  a wand of digging (0:6)
  a wand of digging (0:1)
  a wand of lightning (0:6)
  a wand of magic missile (0:7)
  a wand of magic missile (0:3)
  a wand of make invisible (0:0)
  a wand of striking (0:2)
  an uncursed magic whistle
  a +0 pick-axe
  an uncursed skeleton key
  a +0 unicorn horn
  an uncursed wax candle
  an uncursed touchstone

Drastanta the Barbarian's attributes:

Background:
 You were a Brigand, a level 10 male human Barbarian.
 You were neutral, on a mission for Crom
 who was opposed by Mitra (lawful) and Set (chaotic).
 You were right-handed.
 You were in the Dungeons of Doom, on level 7.
 You entered the dungeon 9085 turns ago.
 There was a new moon in effect when your adventure ended.
 You had 5357 experience points, 4643 more were needed to attain level 11.

Basics:
 You had 0 out of 103 hit points.
 You had all 14 energy points (spell power).
 Your armor class was 6.
 Your wallet contained 19 zorkmids, and
 you had 1572 more stashed away in your pack.
 Autopickup was on for '$' plus thrown.

Final Characteristics:
 Your strength was 18/01 (peak:18/02, limit:18/100).
 Your dexterity was 15 (peak:16, limit:18).
 Your constitution was 18 (limit:18).
 Your intelligence was 7 (limit:18).
 Your wisdom was 9 (limit:18).
 Your charisma was 6 (limit:18).

Final Status:
 You weren't hungry.
 You were burdened; movement was slightly slowed.
 You were bare handed.
 You had basic skill with bare handed combat.

Final Attributes:
 You were piously aligned.
 You were poison resistant.
 You saw invisible.
 You were invisible to others.
 You were warded.
 You were fast.
 You were unlucky.
 You had extra luck.
 Bad luck did not time out for you.
 Good luck did not time out for you.
 Crom was angry with you.
 You are dead.

Miscellaneous:
 You encountered 2 bones levels.
 Total elapsed playing time was 2 hours, 9 minutes and 25 seconds.

Major events:
 Turn
    1: Drastanta the neutral male human Barbarian entered the dungeon
  750: entered the Gnomish Mines
  861: attained the rank of Pillager (level 3)
 1498: attained the rank of Bandit (level 6)
 1891: reached Mine Town
 5698: acquired the Mines' End luckstone
 7356: was bestowed with Cleaver by Crom
 8413: attained the rank of Brigand (level 10)
 9085: killed by a Woodland-elf

You didn't know any spells.

Skills:
 Fighting Skills
   bare handed combat [Basic]
   two weapon combat  [Unskilled]
   riding             [Unskilled]
 Weapon Skills
   dagger             [Unskilled]
   axe                [Expert]
   pick-axe           [Unskilled]
   short sword        [Basic]
   broadsword         [Unskilled]
   long sword         [Unskilled]
   two-handed sword   [Unskilled]
   saber              [Unskilled]
   club               [Unskilled]
   mace               [Unskilled]
   morning star       [Unskilled]
   flail              [Unskilled]
   hammer             [Unskilled]
   quarterstaff       [Unskilled]
   spear              [Unskilled]
   trident            [Unskilled]
   bow                [Unskilled]
 Spellcasting Skills
   attack spells      [Unskilled]
   escape spells      [Unskilled]

Voluntary challenges:
 Character rerolling was not enabled.
 You never genocided any monsters.
 You never polymorphed an object.
 You never changed form.
 You used no wishes.
Achievements:
 You entered a shop.
 You entered the Gnomish Mines.
 You attained the rank of Pillager.
 You attained the rank of Bandit.
 You entered Minetown.
 You entered a temple.
 You completed the Gnomish Mines.
 You attained the rank of Brigand.

 The Dungeons of Doom: levels 1 to 7
    Level 1:
       Some fountains.
    Level 2:
       A bookstore, a fountain, a sink.
    Level 3:
       A tool shop, an altar to Crom, some fountains.
       Stairs down to The Gnomish Mines.
    Level 4:
    Level 5:
       An altar, a fountain, many graves.
    Level 6:
       A scroll shop, an altar to Crom, a grave.
       Final resting place for
          Brudee-Rog-Hum-Fem-Cha, killed by a dog.
    Level 7: <- You were here.
       An altar to Crom.
       Final resting place for
          you, killed by a Woodland-elf.
 The Gnomish Mines: levels 4 to 11
    Level 4:
    Level 5:
    Level 6:
       Many shops, a temple and an altar, many fountains.
    Level 7:
    Level 8:
    Level 9:
       Final resting place for
          IanCurtis-Wiz-Elf-Mal-Cha, petrified by a cockatrice corpse.
    Level 10:
    Level 11:
       A fountain.


Vanquished creatures:
  a ghost
  a stalker
  a small mimic
  a xan
  a tengu
 an elf mummy
  a human mummy
  2 pythons
  a wraith
  a Grey-elf
  a soldier
  4 watchmen
  3 giant beetles
  a quivering blob
  4 wolves
  a leprechaun
  2 orc-captains
  a horse
  a vampire bat
  a gnome ruler
 an orc mummy
  a rust monster
  3 owlbears
  2 gold golems
  2 lizards
  3 dingoes
  a dog
  a housecat
  a dwarf leader
  a black unicorn
  a dust vortex
  a gnome mummy
  3 snakes
  3 water moccasins
 an ape
  a human zombie
  a rope golem
  a Woodland-elf
  a soldier ant
  4 bugbears
  a wood nymph
  3 mountain nymphs
  5 Mordor orcs
  2 rock piercers
  2 rock moles
  2 fog clouds
  3 yellow lights
 23 gnome leaders
  8 gnomish wizards
  a ghoul
  a paper golem
  4 giant ants
  2 floating eyes
 19 dwarves
  a homunculus
  a kobold leader
 13 hill orcs
  8 rothes
  a centipede
  a giant bat
  3 monkeys
  5 dwarf zombies
  a wererat
  a werejackal
  5 iguanas
  a gas spore
  8 hobbits
  a hobgoblin
  2 giant rats
  2 cave spiders
  a yellow mold
  a red mold
 61 gnomes
  a garter snake
  2 gnome zombies
  4 geckos
  8 jackals
  a fox
  a kobold
  4 goblins
  a sewer rat
 19 grid bugs
  a lichen
  2 kobold zombies
  8 newts
308 creatures vanquished.

No species were genocided or became extinct.

Game over:
                       ----------
                      /          \
                     /    REST    \
                    /      IN      \
                   /     PEACE      \
                  /                  \
                  |    Drastanta     |
                  |     1591 Au      |
                  |   killed by a    |
                  |   Woodland-elf   |
                  |                  |
                  |                  |
                  |       2026       |
                 *|     *  *  *      | *
        _________)/\\_//(\/(/\)/\//\/|_)_______

Goodbye Drastanta the Barbarian...

You died in The Dungeons of Doom on dungeon level 7 with 21390 points,
and 1591 pieces of gold, after 9085 moves.
You were level 10 with a maximum of 103 hit points when you died.

